 Dungeon Crawl Stone Soup version 0.28.0-53-g5a82cb258f (webtiles) character file.

Game seed: 12422354021043525329

11204 Zeld the Geomancer (level 11, 0/68 HPs)
             Began as a Gargoyle Earth Elementalist on May 23, 2022.
             Was a Believer of Vehumet.
             Slain by a tentacle (12 damage)
             ... attached to a kraken
             ... on level 4 of the Abyss.
             The game lasted 00:20:45 (16830 turns).

Zeld the Geomancer (Gargoyle Earth Elementalist)   Turns: 16830, Time: 00:20:46

Health: 0/68       AC: 15    Str: 12      XL:     11   Next: 74%
Magic:  25/25      EV: 11    Int: 20      God:    Vehumet [**....]
Gold:   169        SH:  0    Dex:  9 (10) Spells: 20/30 levels left

rFire   . . .      SeeInvis +   a - +2 mace (freeze)
rCold   . . .      Faith    .   (no shield)
rNeg    + . .      Spirit   .   b - +0 robe
rPois   ∞          Reflect  .   n - +0 helmet
rElec   +          Harm     .   E - +0 cloak
rCorr   .          Rampage  .   (no gloves)
Will    .....                   r - +2 pair of boots
Stlth   +++.......              t - amulet of regeneration
HPRegen 1.01/turn               u - ring of see invisible
MPRegen 0.19/turn               (no ring)

@: no status effects
A: sickness immunity, AC +8, negative energy resistance 1, electricity
resistance, torment resistance 1, petrification resistance
a: Renounce Religion


You were on level 4 of the Abyss.
You worshipped Vehumet.
Vehumet was pleased with you.
You visited 2 branches of the dungeon, and saw 12 of its levels.
You visited the Abyss 1 time.
You also visited: Sewer and Bailey.

You collected 549 gold pieces.
You spent 380 gold pieces at shops.

Inventory:

Hand Weapons
 a - a +2 mace of freezing (weapon)
Missiles
 q - 154 stones
Armour
 b - a +0 robe (worn)
 n - a +0 helmet (worn)
 r - a +2 pair of boots (worn)
 E - a +0 cloak (worn)
Jewellery
 t - an amulet of regeneration (around neck)
 u - a ring of see invisible (left hand)
Wands
 d - a wand of digging (6)
 i - a wand of polymorph (10)
 B - a wand of mindburst (24)
 D - a wand of paralysis (1)
Scrolls
 h - 2 scrolls of silence
 k - 7 scrolls of teleportation
 l - 2 scrolls of summoning
 p - a scroll of enchant armour
 s - 3 scrolls of fear
 v - 5 scrolls of blinking
 y - 2 scrolls of enchant weapon
 A - 4 scrolls of magic mapping
 F - 2 scrolls of holy word {unknown}
 H - a scroll of amnesia {unknown}
Potions
 c - a potion of cancellation {unknown}
 e - 2 potions of resistance {unknown}
 f - 3 potions of ambrosia {unknown}
 g - 3 potions of heal wounds {unknown}
 j - a potion of brilliance {unknown}
 m - 9 potions of curing {unknown}
 o - 2 potions of mutation
 w - 3 potions of haste {unknown}
 x - 2 potions of might {unknown}
 z - a potion of berserk rage {unknown}
 C - 2 potions of lignification {unknown}
 I - a potion of magic {unknown}
 J - a potion of attraction {unknown}
 K - a potion of invisibility {unknown}


   Skills:
 + Level 8.2 Fighting
 - Level 1.5 Dodging
 - Level 8.0 Stealth
 * Level 10.1 Spellcasting
 - Level 2.0 Transmutations
 * Level 13.3 Earth Magic


You had 20 spell levels left.
You knew the following spells:

 Your Spells              Type           Power      Damage    Failure   Level
a - Sandblast             Erth           100%       2d20      1%          1
b - Passwall              Tmut/Erth      33%        N/A       1%          2
c - Stone Arrow           Conj/Erth      72%        3d11      1%          3
d - Petrify               Tmut/Erth      40%        N/A       3%          4

Your spell library contained the following spells:

 Spells                   Type           Power      Damage    Failure   Level
 Shock                    Conj/Air       40%        1d5       7%          1
 Magic Dart               Conj           40%        1d5       7%          1
 Call Imp                 Summ           10%        N/A       11%         2
 Scorch                   Fire           20%        2d6       11%         2
 Ignite Poison            Fire/Tmut/Pois 12%        N/A       16%         3
 Mephitic Cloud           Conj/Pois/Air  10%        N/A       21%         3
 Airstrike                Air            5%         N/A       56%         4
 Flame Wave               Conj/Fire      10%        2d5       56%         4
 Summon Lightning Spire   Summ/Air       10%        N/A       56%         4
 Freezing Cloud           Conj/Ice/Air   5%         6-21      88%         5
 Lightning Bolt           Conj/Air       5%         1d17      88%         5
 Summon Cactus Giant      Summ           5%         N/A       100%        6


Dungeon Overview and Level Annotations

Branches:
Dungeon (11/15)            Temple (1/1) D:6            Lair (0/6) D:11
  Sewer (visited)          Bailey (visited)
    Orc: D:9-12

Altars:
Ashenzari
Cheibriados
Dithmenos
Elyvilon
Fedhas
Gozag
Hepliaklqana
Kikubaaqudgha
Makhleb
Nemelex Xobeh
Okawaru
Qazlal
Ru
Sif Muna
Trog
Uskayaw
Vehumet
Wu Jian
Xom
Yredelemnul
Zin
The Shining One

Shops:
D:1 :   D:5 *   D:6 ?   D:11 [

Annotations:
D:9 3 runed translucent doors


Innate Abilities, Weirdness & Mutations

You are immune to sickness and miasma.
Your stone body is resilient. (AC +8)
You are immune to poison.
You resist negative energy. (rN+)
You are resistant to electric shocks. (rElec)
You are resistant to unholy torment.
You are immune to petrification.


Message History

Aim: a sixfirhy (heavily wounded, 42% to hit)
The stone arrow hits the sixfirhy!!
You kill the sixfirhy!
That felt strangely unrewarding.
You feel your power returning.
Unknown command.
Casting: Stone Arrow (safe; 1% risk of failure)
Confirm with . or Enter, or press ? or * to list all spells.
You can't see any susceptible monsters within range! (Use Z to cast anyway.) Unknown command.
You start resting.
HP restored.
A large abomination comes into view.
A raiju comes into view.
A starcursed mass comes into view.
There is an open door here.
There is an open door here.
You close the door.
Found a gateway leading out of the Abyss.
A large abomination comes into view.
You enter the shallow water.
Moving in this stuff is going to be slow.
Tentacles burst out of the water! 4 tentacles come into view.
Why would you want to do that?
A tentacle segment bursts forth from the water. x2
The tentacle slaps you!!
The tentacle slaps you but does no damage.
The tentacle slaps you! x2
Unknown command.
The tentacle slaps you!
* * * LOW HITPOINT WARNING * * *
The tentacle barely misses you. The tentacle slaps you!
* * * LOW HITPOINT WARNING * * *
Unknown command.
Unknown command.
Tentacles burst out of the water! 2 tentacles come into view.
A tentacle segment bursts forth from the water. x2
The tentacle slaps you!
You die...

# #.########....#.##
.# #.X
#.##.#.#....+....#. #
# .
.....≈≈..####........
. . ≈
≈≈≈≈≈X─...###.##.. #
≈≈≈≈≈w≈≈≈\X..#.## .
#. # ≈≈≈≈≈≈≈.≈*──...#
# .. # ..
≈≈≈≈≈≈≈≈≈.\..#... . .
.≈≈∩≈≈≈≈...w###.# '.
. .≈≈≈≈≈≈.≈###@...#
#.....
≈≈≈≈≈≈.≈≈w...#### .
.. ≈≈≈≈≈≈≈.≈##### #.
. ≈≈.≈≈... . .≈≈≈≈..
.#..


You could see a kraken, a large abomination and 3 tentacles.

Vanquished Creatures
  A two-headed ogre (D:11)
  A death knight (D:11)
  A sixfirhy (Abyss:4)
  A large abomination (Abyss:3)
  A skeletal warrior (D:10)
  A flayed ghost (Abyss:3)
  A wizard (D:9)
  3 smoke demons (Abyss:3)
  A gargoyle (D:11)
  2 unseen horrors (D:11)
  Maggie (D:8)
  3 trolls
  A meliai zombie (D:11)
  3 hogs
  A human (D:9)
  3 wraiths
  A yak (D:9)
  3 steam dragons
  2 golden eyes (Abyss:3)
  A chaos spawn (Abyss:3)
  Menkaure (D:7)
  A water moccasin (D:9)
  5 orc warriors
  3 black bears
  2 ice beasts
  A sky beast (D:6)
  4 ogres
  A necrophage (D:6)
  2 centaurs
  A phantom (D:5)
  2 gnoll sergeants
  3 bullfrogs
  4 scorpions
  17 killer bees
  11 wights
  2 howler monkeys
  4 centaur zombies
  A bullfrog zombie (D:5)
  4 hounds
  2 orc priests (D:4)
  Crazy Yiuf (D:7)
  A bullfrog skeleton (D:5)
  3 centaur skeletons
  2 iguanas
  6 orc wizards
  A hell rat (Sewer)
  A hound skeleton (D:5)
  A howler monkey zombie (D:9)
  Robin (D:3)
  9 adders
  11 gnolls
  A river rat (Sewer)
  A shadow imp (D:7)
  An ufetubus (D:4)
  25 orcs
  9 ball pythons
  10 endoplasms
  8 giant cockroaches
  21 goblins
  13 hobgoblins
  7 jackals
  4 quokkas
  5 bats
  2 frilled lizards (D:1)
  6 kobolds
  7 rats
260 creatures vanquished.

Vanquished Creatures (others)
  2 tentacles (Abyss:4)
2 creatures vanquished.

Grand Total: 262 creatures vanquished

Notes
Turn   | Place    | Note
-------+----------+-------------------------------------------
     0 | D:1      | Zeld the Gargoyle Earth Elementalist began the quest for
                  | the Orb.
     0 | D:1      | Reached XP level 1. HP: 10/10 MP: 3/3
    23 | D:1      | Found Ruel's Book Boutique.
   103 | D:1      | Reached XP level 2. HP: 15/15 MP: 0/5
   106 | D:1      | Learned a level 2 spell: Passwall
   461 | D:1      | Reached skill level 4 in Earth Magic
   618 | D:1      | Found a faded altar of an unknown god.
   659 | D:1      | Reached skill level 1 in Transmutations
   982 | D:1      | Reached XP level 3. HP: 20/20 MP: 4/6
   986 | D:1      | Learned a level 3 spell: Stone Arrow
  1563 | D:2      | Reached skill level 1 in Fighting
  1682 | D:2      | Reached XP level 4. HP: 25/25 MP: 5/7
  1995 | D:3      | Noticed Robin
  2235 | D:3      | Killed Robin
  2257 | D:3      | Reached XP level 5. HP: 29/29 MP: 3/9
  2262 | D:3      | Learned a level 4 spell: Petrify
  2468 | D:3      | Reached skill level 5 in Earth Magic
  3048 | D:4      | Noticed a black bear
  3058 | D:4      | Killed a black bear
  3059 | D:4      | Reached XP level 6. HP: 20/35 MP: 3/11
  3094 | D:4      | Found a glowing drain.
  3185 | Sewer    | Entered a sewer
  3843 | D:4      | Reached XP level 7. HP: 23/40 MP: 2/12
  4050 | D:4      | Reached skill level 6 in Earth Magic
  4836 | D:5      | Entered Level 5 of the Dungeon
  5144 | D:5      | Found Saod's Superlative Supplies.
  5177 | D:5      | Reached XP level 8. HP: 46/46 MP: 7/15
  5317 | D:5      | Identified the +7 hunting sling of the Mushroom {venom,
                  | rPois}
  5417 | D:5      | Reached skill level 7 in Earth Magic
  5571 | D:5      | Reached skill level 5 in Spellcasting
  5737 | D:5      | Reached skill level 5 in Stealth
  6704 | D:6      | Found a staircase to the Ecumenical Temple.
  6756 | Temple   | Entered the Ecumenical Temple
  6862 | Temple   | Became a worshipper of Vehumet
  7113 | D:6      | Reached skill level 8 in Earth Magic
  7268 | D:6      | Found Nedamn's Magic Scroll Boutique.
  7303 | D:6      | Bought a scroll of identify for 22 gold pieces
  7303 | D:6      | Bought a scroll of magic mapping for 38 gold pieces
  7303 | D:6      | Bought a scroll of magic mapping for 38 gold pieces
  7303 | D:6      | Bought a scroll of identify for 22 gold pieces
  7303 | D:6      | Bought a scroll of magic mapping for 38 gold pieces
  7303 | D:6      | Bought a scroll of teleportation for 33 gold pieces
  7696 | D:7      | Found a flagged portal.
  7734 | Bailey   | Entered a bailey
  7752 | Bailey   | Reached XP level 9. HP: 51/52 MP: 2/18
  8463 | Bailey   | Noticed an orc knight
  8608 | D:7      | Noticed Menkaure
  8612 | D:7      | Killed Menkaure
  8613 | D:7      | Reached skill level 5 in Fighting
  8613 | D:7      | Reached skill level 9 in Earth Magic
  8652 | D:7      | You fall into a shaft and drop 1 floor!
  9244 | D:7      | Noticed a troll
  9275 | D:7      | Killed a troll
  9281 | D:7      | Reached * piety under Vehumet
  9281 | D:7      | Offered knowledge of Freeze by Vehumet.
  9557 | D:7      | Reached skill level 10 in Earth Magic
  9587 | D:7      | Reached XP level 10. HP: 60/60 MP: 4/21
  9995 | D:7      | Found a runed translucent door.
  9996 | D:7      | Noticed Crazy Yiuf
 10240 | D:7      | Killed Crazy Yiuf
 10579 | D:8      | Found a glowing golden altar of the Shining One.
 10579 | D:8      | Found a shimmering blue altar of Sif Muna.
 10589 | D:8      | Noticed Maggie
 10600 | D:8      | Killed Maggie
 11396 | D:8      | Found a sacrificial altar of Ru.
 11693 | D:9      | Found a runed translucent gate.
 11694 | D:9      | Found a runed translucent gate.
 11694 | D:9      | Found a runed translucent gate.
 11694 | D:9      | Noticed a brown ugly thing
 11694 | D:9      | Noticed a red ugly thing
 11695 | D:9      | Noticed a green ugly thing
 11706 | D:9      | Noticed a red ugly thing
 12029 | D:9      | Noticed a wizard
 12035 | D:9      | Killed a wizard
 12036 | D:9      | Reached skill level 11 in Earth Magic
 13053 | D:9      | Found a glowing silver altar of Zin.
 13157 | D:10     | Entered Level 10 of the Dungeon
 13518 | D:10     | Reached ** piety under Vehumet
 13518 | D:10     | Offered knowledge of Shock by Vehumet.
 13519 | D:10     | Reached XP level 11. HP: 67/67 MP: 11/23
 13529 | D:10     | Reached skill level 12 in Earth Magic
 14380 | D:11     | Noticed a skeletal warrior
 14382 | D:11     | Noticed a skeletal warrior
 14383 | D:11     | Noticed a skeletal warrior
 14409 | D:10     | Killed a skeletal warrior
 14624 | D:11     | Noticed a death knight
 15258 | D:11     | Noticed a two-headed ogre
 15304 | D:11     | Killed a two-headed ogre
 15305 | D:11     | Reached skill level 13 in Earth Magic
 15503 | D:11     | Found Obae's Antique Armour Shop.
 15506 | D:11     | Bought a slimy leather armour for 189 gold pieces
 15506 | D:11     | Identified the +3 leather armour of Forking Paths {rF+ rN+
                  | Will- SInv} (You bought it in a shop on level 11 of the
                  | Dungeon)
 15512 | D:11     | Found a staircase to the Lair.
 15729 | D:11     | Reached skill level 10 in Spellcasting
 15926 | D:11     | Killed a death knight
 15942 | D:11     | Noticed a wizard
 15956 | D:11     | Noticed a four-headed hydra
 16274 | D:11     | Cast into level 3 of the Abyss (a wizard)
 16356 | Abyss:3  | Noticed a large abomination
 16362 | Abyss:3  | Killed a large abomination
 16464 | Abyss:3  | HP: 2/68 [burnt (3)]
 16492 | Abyss:3  | Noticed a starcursed mass
 16632 | Abyss:3  | Noticed a flayed ghost
 16641 | Abyss:3  | Killed a flayed ghost
 16650 | Abyss:3  | Noticed an ancient lich
 16675 | Abyss:3  | Noticed an Executioner
 16682 | Abyss:4  | Noticed a will-o-the-wisp
 16766 | Abyss:4  | Noticed a sixfirhy
 16774 | Abyss:4  | Killed a sixfirhy
 16793 | Abyss:4  | Noticed a large abomination
 16805 | Abyss:4  | Noticed a starcursed mass
 16821 | Abyss:4  | Noticed a kraken
 16822 | Abyss:4  | Noticed a large abomination
 16830 | Abyss:4  | Slain by a tentacle

Illustrated notes

Levels and vault maps discovered:
D:1:      dpeg_arrival_arbitrary_c, layout_loops_ring, serial_shops, shop,
          dreamdust_ecumenical_altar_angels_and_demons
D:2:      layout_rooms
D:3:      layout_loops_ring, uniq_robin
D:4:      layout_loops_ring, portal_sewer_entry_f, nicolae_figureground_sparkle
D:5:      layout_loops_corners, corexii_checkpoint_a, nicolae_alphabet_shops
D:6:      layout_rooms, minmay_temple_entry_glassed_door, serial_shops,
          nicolae_shop_hallway_stairs, bh_walls_and_bars
D:7:      hangedman_cross_stitches, layout_rooms, enter_bailey_2,
          dk_noncrumbling_2, uniq_menkaure, uniq_crazy_yiuf_cottage
D:8:      layout_gridville, nicolae_ru_path_of_blood,
          gammafunk_temple_overflow_wave, uniq_maggie
D:9:      layout_roguey, zin_treasury,
          ploomutoo_gammafunk_ghost_potion_laboratory, grunt_livestock
D:10:     layout_roguey
D:11:     layout_layer_cave, lair_entry_dummy, serial_shops,
          nicolae_shop_behind_doors
Temple:   regret_index_temple_mists
Abyss:4:  base: D:10, base: D:10, evilmike_abyss_exit_kraken

Skill      XL: |  1  2  3  4  5  6  7  8  9 10 11 |
---------------+----------------------------------+-----
Earth Magic    | 4 5 6 8 10 11 13 | 13.3
Transmutations | 1 2 |  2.0
Fighting       | 1 2 3 4 5 7 8 |  8.2
Stealth        | 3 4 5 6 8 |  8.0
Spellcasting   | 3 4 6 7 8 10 | 10.1
Dodging        | |  1.5

Action                   |  1- 3 |  4- 6 |  7- 9 | 10-12 || total
-------------------------+-------+-------+-------+-------++-------
Melee: Unarmed           |    19 |    41 |     3 |       ||    63
       Morningstar       |       |       |    47 |    12 ||    59
       Mace              |       |       |       |    42 ||    42
 Cast: Sandblast         |    41 |    79 |    20 |    34 ||   174
       Stone Arrow       |       |    12 |   125 |   188 ||   325
  Use: Scroll            |       |       |     8 |     3 ||    11
 Stab: Sleeping          |     1 |       |       |       ||     1
       Distracted        |       |       |     1 |       ||     1
Armor: Robe              |    12 |    40 |    63 |   161 ||   276
Dodge: Dodged            |    26 |    58 |    76 |   184 ||   344
